 Dungeon Crawl Stone Soup version 0.31-a0-1338-gb567cfdca4 (webtiles) character file.

Game seed: 1793553795063220609

368 LeprechaunX the Changeling (level 6, 0/41 HPs)
             Began as an Octopode Shapeshifter on Dec 21, 2023.
             Was an Initiate of Ashenzari.
             Slain by a sky beast (2 damage)
             ... on level 4 of the Dungeon.
             The game lasted 00:04:38 (3232 turns).

LeprechaunX the Changeling (Octopode Shapeshifter)  Turns: 3232, Time: 00:04:39

Health: 0/41       AC:  1    Str: 14    XL:     6   Next: 69%
Magic:  6/6        EV: 13    Int: 12    God:    Ashenzari [......]
Gold:   167        SH:  0    Dex: 13    Spells: 5/5 levels left

rFire   . . .        f - +1 hand axe (vamp)
rCold   . . .        (no shield)
rNeg    . . .        (helmet currently unavailable)
rPois   .            (no amulet)
rElec   .            (no ring)
rCorr   .            (no ring)
SInv    .            (no ring)
Will    .....        (no ring)
Stlth   ++           (no ring)
HPRegen 0.26/turn    (no ring)
MPRegen 0.10/turn    (no ring)
                     (no ring)

%: no passive effects
@: beast-form
A: beast (slay +2), almost no armour, amphibious, 8 rings, camouflage 1,
gelatinous body 1, (nimble swimmer 1), tentacles
a: Begin Untransformation, Renounce Religion, Curse Item


You were on level 4 of the Dungeon.
You worshipped Ashenzari.
Ashenzari was noncommittal.
You were a hulking beast.
You visited 1 branch of the dungeon, and saw 4 of its levels.

You collected 167 gold pieces.

Inventory:

Hand Weapons
 f - a +1 vampiric hand axe (weapon)
 u - a +0 sling
Missiles
 v - 3 javelins
Talismans
 b - a beast talisman
 c - a flux talisman
Wands
 r - a wand of flame (22)
 w - a wand of mindburst (13)
Scrolls
 d - a scroll of noise {unknown}
 e - 2 scrolls of immolation {unknown}
 g - 2 scrolls of identify {unknown}
 h - 2 scrolls of vulnerability {unknown}
 i - 3 scrolls of poison {unknown}
 k - a scroll of acquirement {unknown}
 n - 2 scrolls of teleportation {unknown}
 p - a scroll of blinking {unknown}
 t - a scroll of fear {unknown}
Potions
 a - 2 potions of lignification
 j - a potion of brilliance {unknown}
 l - a potion of berserk rage {unknown}
 m - a potion of ambrosia {unknown}
 o - a potion of mutation {unknown}
 q - a potion of attraction {unknown}
 s - a potion of cancellation {unknown}


   Skills:
 + Level 2.9 Fighting
 + Level 1.9 Axes
 + Level 0.2 Throwing
 - Level 2.0 Dodging
 + Level 4.0 Unarmed Combat
 + Level 2.0 Evocations
 * Level 4.7 Shapeshifting


You had 5 spell levels left.
You didn't know any spells.
Your spell library contained the following spells:

 Spells                   Type           Power      Damage    Failure   Level
 Kiss of Death            Conj/Necr      0%         2d5       32%         1
 Shock                    Conj/Air       0%         1d3       32%         1
 Confusing Touch          Hex            0%         N/A       69%         3
 Swiftness                Air            0%         N/A       69%         3
 Volatile Blastmotes      Fire/Tloc      0%         2d10      69%         3
 Airstrike                Air            0%         2d(0-16)  97%         4
 Dispel Undead            Necr           0%         3d6       97%         4
 Fulminant Prism          Conj/Alch      0%         3d5       97%         4
 Iskenderun's Mystic Bla  Conj/Tloc      0%         2d3       97%         4


Dungeon Overview and Level Annotations

Branches:
Dungeon (4/15)
 Temple: D:4-7

Altars:
Ashenzari
Gozag
Qazlal

Annotations:
D:3 2 transporters, soberseth's ghost, weakling NaAl


Innate Abilities, Weirdness & Mutations

You are a hulking beast.
Your limbs bulge with bestial killing power. (Slay +2)
You cannot wear most types of armour.
You are amphibious.
You can wear up to eight rings at the same time.
Your skin changes colour to match your surroundings (Stealth+).
Your rubbery body absorbs attacks. (AC +1, EV +1)
((You are camouflaged when in or above water. (Stealth+)))
You have tentacles for arms and can constrict up to eight enemies at once.


Message History

You add the spells Volatile Blastmotes, Fulminant Prism and Iskenderun's Mystic Blast to your library.
You open the door.
There is an open door here.
A sky beast comes into view.
Found a stormy altar of Qazlal.
The sky beast hits you. The sky beast shocks you.
You closely miss the sky beast. Your squeeze misses the sky beast.
The sky beast hits you. The sky beast shocks you.
You barely miss the sky beast. The sky beast closely misses you.
The sky beast hits you but does no damage.
You closely miss the sky beast. Your squeeze misses the sky beast.
The sky beast completely misses you.
You hit the sky beast but do no damage. The sky beast hits you.
The sky beast shocks you.
You hit the sky beast but do no damage. Your squeeze misses the sky beast.
The sky beast completely misses you.
You slash the sky beast!
You feel better.
Your squeeze misses the sky beast.
The sky beast is moderately wounded.
The sky beast hits you. The sky beast shocks you.
You completely miss the sky beast.
You squeeze the sky beast, but do no damage.
The sky beast is moderately wounded.
The sky beast barely misses you. The sky beast closely misses you.
You hit the sky beast. Your squeeze misses the sky beast.
The sky beast is heavily wounded.
The sky beast hits you. The sky beast shocks you.
* * * LOW HITPOINT WARNING * * *
You barely miss the sky beast. Your squeeze misses the sky beast.
The sky beast is heavily wounded.
The sky beast flickers out of sight!
Deactivating autopickup; reactivate with Ctrl-A.
Something hits you.
* * * LOW HITPOINT WARNING * * *
Something shocks you.
* * * LOW HITPOINT WARNING * * *
You hit something but do no damage.
Your tentacle-slap misses something.
A sky beast appears from thin air!
Reactivating autopickup.
The sky beast hits you.
You die...

#.....###'###
######......#
#......#
#......#
#......#
#......#
#......##
...#.......#
.......h...#
....#.#Y...#
...#...#..##
..#.....#.#
....._....#
..#.....#.#
...#...#..#
...#.# ..


You could see a sky beast.

Vanquished Creatures
  A scorpion (D:4)
  A hound (D:3)
  Natasha (thrice) (D:2)
  2 iguanas
  6 adders
  2 worms (D:2)
  2 dart slugs
  An orc (D:3)
  9 bats
  4 endoplasms
  A giant cockroach (D:2)
  12 hobgoblins
  11 jackals
  8 kobolds
  4 quokkas
  5 ball pythons
  3 frilled lizards
  9 goblins
  3 rats
87 creatures vanquished.

Notes
Turn   | Place    | Note
-------+----------+-------------------------------------------
     0 | D:1      | LeprechaunX the Octopode Shapeshifter began the quest for
                  | the Orb.
     0 | D:1      | Reached XP level 1. HP: 13/13 MP: 1/1
   124 | D:1      | Reached XP level 2. HP: 18/18 MP: 2/2
   520 | D:1      | Reached XP level 3. HP: 15/23 MP: 3/3
  1261 | D:2      | Found a faded altar of an unknown god.
  1345 | D:2      | Reached XP level 4. HP: 27/29 MP: 4/4
  1426 | D:2      | Noticed Natasha
  1433 | D:2      | Killed Natasha
  1695 | D:2      | Noticed Natasha
  1702 | D:2      | Killed Natasha
  1703 | D:2      | Reached skill level 1 in Axes
  1703 | D:2      | Reached skill level 1 in Evocations
  1703 | D:2      | Reached XP level 5. HP: 29/34 MP: 5/5
  2005 | D:2      | Noticed Natasha
  2013 | D:2      | Killed Natasha
  2101 | D:3      | Found a transporter.
  2101 | D:3      | Noticed an ogre
  2114 | D:3      | Found a broken altar of Ashenzari.
  2118 | D:3      | Became a worshipper of Ashenzari the Shackled
  2195 | D:3      | Found a transporter.
  2197 | D:3      | Identified the +3 dire flail of the Blessed Realm {drain,
                  | rElec rPois rC++ Str-2}
  2197 | D:3      | Noticed an ogre
  2198 | D:3      | Noticed soberseth's ghost (weakling NaAl)
  2198 | D:3      | Noticed an ogre
  2370 | D:3      | Reached XP level 6. HP: 38/41 MP: 6/6
  3098 | D:4      | Found an opulent altar of Gozag.
  3219 | D:4      | Found a stormy altar of Qazlal.
  3219 | D:4      | Noticed a sky beast
  3231 | D:4      | HP: 1/41 [something (6)]
  3232 | D:4      | Slain by a sky beast

Illustrated notes

Levels and vault maps discovered:
D:1:      orjb1_clovarrival, layout_basic, serial_forest,
          infiniplex_forest_clump_diagonal, infiniplex_forest_straight_1,
          infiniplex_forest_lined_2, infiniplex_forest_straight_4,
          infiniplex_forest_3_way, infiniplex_forest_side_room,
          infiniplex_forest_end_double, infiniplex_forest_straight_5,
          minmay_pentomino_w2
D:2:      wad_pebble_path, layout_basic,
          hellmonk_ecumenical_altar_pennies_from_heaven, uniq_natasha
D:3:      layout_loops_cross, nicolae_ashenzari_skybound, gammafunk_ghost_smash
D:4:      layout_gridville, nicolae_gozag_cash_rules_everything_around_me,
          nicolae_qazlal_beasts_of_the_sky

Skill      XL: |  1  2  3  4  5  6 |
---------------+-------------------+-----
Fighting       | 2 |  2.9
Shapeshifting  | 4 |  4.7
Axes           | 1 |  1.9
Evocations     | 1 2 |  2.0
Unarmed Combat | 4 |  4.0
Throwing       | |  0.2
Dodging        | |  2.0

Action                     |  1- 3 |  4- 6 || total
---------------------------+-------+-------++-------
  Melee: Unarmed           |    11 |       ||    11
         Constrict         |    22 |    25 ||    47
         Tentacles         |     8 |    23 ||    31
         Punch             |     1 |     1 ||     2
         Hand axe          |    60 |    99 ||   159
   Stab: Sleeping          |     5 |     6 ||    11
 Armour: Skin              |    35 |    59 ||    94
  Dodge: Dodged            |    62 |    64 ||   126

Table legend: (Time is in decaauts)
 A = Elapsed time spent in this place.
 B = Non-inter-level travel time spent in this place.
 C = Inter-level travel time spent in this place.
 D = Time resting spent in this place.
 E = Time spent auto-exploring this place.
 F = Levels seen in this place.
 G = Mean time per level.
                   A        B        C        D        E       F      G
               +--------+--------+--------+--------+--------+-----+--------+
         Total |   3270 |   3074 |    196 |      0 |   2488 |   4 |  817.5 |
       Dungeon |   3270 |   3074 |    196 |      0 |   2488 |   4 |  817.5 |
               +--------+--------+--------+--------+--------+-----+--------+

Top non-repeatable levels by time:
     D:1: 1201 daAuts
     D:2: 920 daAuts
     D:3: 861 daAuts
     D:4: 286 daAuts
